Map: Ultralove

Players

Pelucia

  • Race: Zerg Zerg
  • League: Platinum
  • Spawn Location: 7:00

JaeDez - Winner!

  • Race: Terran Terran
  • League: Diamond
  • Spawn Location: 1:00

VOD

Have the link to the VOD?

Description

Time

  • Played on: July 29, 2025, 9:27 p.m.
  • Length: 10:45
Show
View Real Time Build Order
Export as new Build Order

Pelucia Zerg 

Build Orders: Hatch First 

Get SALT Encoding   

  12  0:01  Drone  
  13  0:08  Drone  
  14  0:15  Extractor  
  14  0:16  Drone  
  15  0:36  Hatchery  
  15  0:41  Extractor  
  15  0:42  Drone  
  15  0:56  Spawning Pool  
  14  1:00  Extractor  
  14  1:01  Drone  
  14  1:09  Overlord  
  14  1:28  Drone x3  
  17  1:43  Drone  
  17  1:44  Queen  
  20  1:52  Queen  
  22  1:56  Drone  
  22  1:59  Drone  
  24  2:04  Zergling x2  
  25  2:09  Drone  
  26  2:18  Drone  
  26  2:19  Drone  
  28  2:34  Overlord  
  28  2:43  Overlord  
  28  2:47  Metabolic Boost  
  28  2:59  Zergling x2  
  28  3:00  Drone x5  
  33  3:13  Hatchery  
  33  3:17  Drone x4  
  33  3:18  Drone  
  37  3:29  Lair  
  37  3:30  Drone  
  37  3:31  Drone  
  39  3:37  Drone x2  
  39  3:40  Overlord  
  41  3:57  Zergling x6  
  41  3:58  Overlord x2, Extractor  
  43  4:04  Extractor  
  43  4:08  Evolution Chamber  
  43  4:09  Zergling x6  
  45  4:10  Zergling x4  
  45  4:15  Queen  
  48  4:33  Spore Crawler x2  
  48  4:34  Spore Crawler  
  48  4:35  Drone x6, Spore Crawler  
  50  4:39  Overlord x2  
  50  4:51  Spire  
  49  5:03  Drone x3  
  49  5:04  Drone x5  
  57  5:11  Extractor  
  57  5:12  Zergling x2  
  48  5:26  Zerg Melee Weapons Level 1  
  48  5:36  Zergling x14  
  48  5:37  Zergling x8  
  59  5:53  Zergling x4  
  59  5:54  Zergling x4  
  63  5:57  Queen  
  63  5:59  Overlord  
  63  6:00  Zergling x6  
  68  6:05  Zerg Flyer Weapons Level 1  
  68  6:08  Corruptor  
  68  6:10  Mutalisk x2  
  74  6:16  Extractor  
  72  6:23  Mutalisk  
  72  6:25  Zergling x10  
  79  6:36  Drone  
  79  6:37  Drone  
  81  6:43  Drone x3  
  84  6:49  Extractor  
  83  7:03  Overlord x3  
  83  7:04  Zergling x8, Infestation Pit  
  86  7:31  Drone, Overlord x3  
  86  7:32  Mutalisk x4  
  95  7:40  Zerg Melee Weapons Level 2  
  95  7:43  Zergling x8  
  95  7:44  Zergling x2  
  100  7:56  Zergling x2, Hive  
  100  7:57  Zergling x8  
  105  8:03  Drone  
  105  8:04  Drone x2  
  108  8:15  Drone x6  
  108  8:16  Drone  
  115  8:23  Mutalisk  
  117  8:35  Zergling x2  
  117  8:39  Infestor x3  
  124  8:54  Zergling x2  
  124  8:55  Zergling x14  
  131  8:56  Zergling x2  
  93  9:20  Mutalisk x2  
  93  9:21  Zergling x12  
  103  9:29  Zergling x2  
  98  9:46  Zergling x10  
  54  10:09  Zergling x4  
  54  10:10  Zergling x4  
  55  10:16  Zergling x4  
Show
View Real Time Build Order
Export as new Build Order

JaeDez Terran - Winner!

Build Orders: Reaper Expand 

Get SALT Encoding   

  12  0:00  SCV  
  13  0:12  SCV  
  14  0:17  Supply Depot  
  14  0:24  SCV  
  15  0:38  SCV  
  15  0:40  Barracks  
  16  0:44  Refinery  
  16  0:50  SCV  
  17  1:03  SCV  
  18  1:16  SCV  
  19  1:27  Reaper  
  19  1:28  Orbital Command  
  20  1:42  Command Center  
  20  1:49  Supply Depot  
  20  1:55  SCV  
  20  1:59  Marine  
  22  2:06  Factory  
  22  2:10  SCV  
  22  2:13  Refinery  
  23  2:18  Marine  
  24  2:22  SCV  
  25  2:35  SCV  
  25  2:36  Marine  
  27  2:46  Bunker  
  27  2:47  SCV  
  28  2:54  Widow Mine  
  28  2:55  Barracks Reactor  
  28  2:56  Starport  
  30  2:59  SCV  
  31  3:09  SCV  
  32  3:17  Widow Mine  
  34  3:23  Supply Depot  
  34  3:27  Orbital Command  
  34  3:32  Marine x2  
  36  3:34  Medivac  
  36  3:37  SCV  
  36  3:41  Factory Tech Lab  
  39  3:48  Supply Depot  
  39  3:49  SCV  
  39  3:55  SCV  
  41  3:56  Marine  
  41  3:57  Marine  
  41  4:01  SCV  
  41  4:02  Siege Tank  
  47  4:07  SCV  
  48  4:13  SCV  
  49  4:19  SCV  
  50  4:25  SCV, Marine x2  
  50  4:26  Command Center  
  50  4:31  SCV  
  54  4:32  Liberator  
  54  4:38  SCV, Supply Depot  
  58  4:46  SCV  
  58  4:48  Refinery x2  
  58  4:50  SCV  
  60  4:53  Barracks  
  60  4:55  Marine, Barracks  
  60  4:57  Marine  
  62  5:00  SCV  
  62  5:05  Siege Tank  
  62  5:06  SCV  
  61  5:08  Supply Depot  
  61  5:12  SCV  
  59  5:25  Marine x2  
  59  5:28  SCV  
  62  5:31  SCV  
  62  5:32  Supply Depot  
  62  5:33  Barracks  
  62  5:35  Barracks  
  63  5:40  SCV  
  63  5:42  Barracks Tech Lab x2  
  64  5:48  SCV  
  64  5:49  Orbital Command  
  65  5:52  SCV, Marine x2  
  68  6:00  Marine  
  68  6:01  Marine  
  68  6:03  Combat Shield, Stimpack  
  70  6:05  Starport Reactor  
  70  6:07  SCV  
  71  6:13  SCV, Marine  
  71  6:14  Orbital Command, Marine  
  71  6:15  Siege Tank  
  78  6:18  Marine  
  78  6:19  SCV  
  78  6:20  Supply Depot  
  78  6:25  SCV  
  80  6:30  Barracks Tech Lab  
  80  6:31  Barracks Tech Lab  
  80  6:32  SCV  
  81  6:36  Supply Depot  
  81  6:37  SCV  
  81  6:39  Engineering Bay x2  
  79  6:42  SCV  
  79  6:43  Marine x2  
  79  6:44  SCV, Marauder  
  79  6:45  Marauder  
  79  6:46  Medivac  
  79  6:47  Medivac  
  91  6:49  SCV  
  91  6:53  Marine x2  
  94  6:55  SCV, Supply Depot  
  94  6:59  Supply Depot  
  95  7:02  SCV  
  95  7:03  SCV  
  95  7:08  SCV  
  98  7:09  Marine x2  
  98  7:10  Marine, Marauder x2  
  98  7:13  Terran Infantry Weapons Level 1  
  98  7:14  SCV  
  106  7:16  Terran Infantry Armor Level 1  
  106  7:17  Armory  
  106  7:18  SCV  
  106  7:20  SCV, Supply Depot  
  108  7:23  Supply Depot  
  108  7:29  SCV  
  109  7:31  Marine  
  109  7:34  SCV x2  
  112  7:38  Refinery  
  112  7:40  Refinery  
  112  7:44  Marine x2  
  112  7:45  Marauder x2  
  112  7:46  Siege Tank, Marauder, Medivac  
  112  7:47  Medivac  
  112  7:48  SCV  
  128  7:54  Barracks  
  128  7:55  SCV x2, Marine  
  131  8:00  SCV  
  131  8:02  Marine  
  133  8:07  SCV  
  133  8:08  SCV  
  135  8:14  Barracks  
  135  8:21  Siege Tank  
  135  8:22  Medivac x2  
  135  8:23  SCV  
  135  8:24  Barracks  
  143  8:29  Marine  
  143  8:30  Marauder  
  143  8:31  Command Center  
  143  8:32  Marine  
  143  8:33  Marauder  
  149  8:38  Supply Depot  
  149  8:39  SCV x2  
  151  8:41  Supply Depot  
  151  8:42  Terran Vehicle Weapons Level 1  
  151  8:44  Barracks Reactor  
  151  8:49  Marine  
  151  8:50  Ghost Academy, Marauder, Marine  
  155  8:57  Marine x2  
  155  9:00  Siege Tank, Marauder, Medivac  
  155  9:01  Supply Depot  
  155  9:02  Medivac  
  165  9:04  Supply Depot  
  165  9:08  Marauder  
  146  9:12  Marauder  
  141  9:20  SCV  
  137  9:24  Marine x2  
  137  9:25  Missile Turret, Marine x2  
  137  9:26  Missile Turret  
  137  9:27  Barracks Reactor  
  137  9:28  Barracks Reactor  
  133  9:34  Marine  
  133  9:35  Thor, Marauder  
  137  9:46  Marine x2  
  137  9:47  Marine x4  
  137  9:50  SCV x2, Orbital Command  
  137  9:52  SCV, Marine  
  146  9:56  Marine  
  145  10:02  SCV  
  145  10:04  Marine  
  144  10:10  SCV x2  
  144  10:11  Marine x5  
  152  10:14  SCV  
  152  10:18  Missile Turret  
  152  10:20  Missile Turret  
  152  10:23  Marine x2  
Tags
 
Add a new tag
Caveats
  • Supply blocks, unpowered buildings, or Contaminate may cause inaccurate times.
  • Supply counts are checked every 10 seconds.